TOP OF THE 1ST |
Philadelphia Phillies batting - Pitching for New York Mets : RHP Matt McAtee
|
Pitching: RHP Matt McAtee
|
|
Batting: LHB Jeff Luvisi
|
0-0: Ball 1-0: SINGLE (Flyball, 4D, EV 94.4 MPH)
|
Batting: LHB Nick Canizales
|
0-0: Swinging Strike 0-1: Swinging Strike 0-2: Strikes out swinging
|
Batting: RHB Quintin Parker
|
0-0: Foul Ball, location: 2F 0-1: Ball 1-1: Ball 2-1: Fly out, F9 (Line Drive, 9LM, EV 100.6 MPH)
|
Batting: LHB Eric Katz
|
0-0: Ball 1-0: Ground out 4-3 (Groundball, 34, EV 78.8 MPH)
|
Top of the 1st over - 0 runs, 1 hit, 0 errors, 1 left on base; Philadelphia 0 - New York 0 |
BOTTOM OF THE 1ST |
New York Mets batting - Pitching for Philadelphia Phillies : RHP Scott Bernstein
|
Pitching: RHP Scott Bernstein
|
|
Batting: SHB Gus Berry
|
0-0: Fly out, F8 (Flyball, 89M, EV 77.5 MPH)
|
Batting: SHB Jonathan Jenkins
|
0-0: Ball 1-0: Ball 2-0: Called Strike 2-1: Ball 3-1: SINGLE (Groundball, 4MD, EV 98.1 MPH)
|
Batting: SHB Harry Hoop
|
0-0: Ball 1-0: Ball 2-0: SINGLE (Flyball, 8LS, EV 96.9 MPH) Jonathan Jenkins to second Runner from 2nd tries for 3rd, SAFE, throw by CF made to third
|
Batting: SHB Sean Cook
|
0-0: Foul Ball, location: 2F 0-1: Ball 1-1: Swinging Strike 1-2: Ball 2-2: Ball 3-2: Strikes out swinging
|
Batting: SHB Nelle van den Berg
|
0-0: Ball 1-0: Called Strike Harry Hoop steals 2nd base 1-1: TRIPLE (Groundball, 3L, EV 101.2 MPH) Jonathan Jenkins scores Harry Hoop scores
|
Batting: SHB Javy Rosa
|
0-0: Ball 1-0: Ground out 4-3 (Groundball, 34, EV 80.6 MPH)
|
Bottom of the 1st over - 2 runs, 3 hits, 0 errors, 1 left on base; Philadelphia 0 - New York 2 |
TOP OF THE 2ND |
Philadelphia Phillies batting - Pitching for New York Mets : RHP Matt McAtee
|
Batting: RHB Raul de la Cruz
|
0-0: Swinging Strike 0-1: Ball 1-1: Foul Ball, location: 2F 1-2: Foul Ball, location: 2F 1-2: Ball 2-2: Fly out, F8 (Line Drive, 8LM, EV 94.4 MPH)
|
Batting: LHB Alberto Figueroa
|
0-0: Called Strike 0-1: Called Strike 0-2: Strikes out swinging
|
Batting: RHB Ji-an Li
|
0-0: Ball 1-0: Foul Ball, location: 2F 1-1: Swinging Strike 1-2: Strikes out swinging
|
Top of the 2nd over - 0 runs, 0 hits, 0 errors, 0 left on base; Philadelphia 0 - New York 2 |
BOTTOM OF THE 2ND |
New York Mets batting - Pitching for Philadelphia Phillies : RHP Scott Bernstein
|
Batting: RHB Jeff Jank
|
0-0: Called Strike 0-1: Foul Ball, location: 2F 0-2: Strikes out swinging
|
Batting: SHB Kaname Fujimoto
|
0-0: Ball 1-0: SINGLE (Groundball, 6MD, EV 105.0 MPH)
|
Batting: SHB Tomas Caldera
|
0-0: Called Strike 0-1: Swinging Strike 0-2: Ball 1-2: Foul Ball, location: 2F 1-2: SINGLE (Groundball, 34D, EV 100.0 MPH) Kaname Fujimoto to second Runner from 2nd tries for 3rd, SAFE, throw by RF made to third
|
Batting: SHB Gus Berry
|
0-0: Ball 1-0: Called Strike Tomas Caldera steals 2nd base 1-1: Fly out, F9 (Line Drive, 9, EV 86.2 MPH)
|
Batting: SHB Jonathan Jenkins
|
0-0: Ball 1-0: Called Strike 1-1: Fly out, F8 (Flyball, 8RM, EV 97.5 MPH)
|
Bottom of the 2nd over - 0 runs, 2 hits, 0 errors, 2 left on base; Philadelphia 0 - New York 2 |
TOP OF THE 3RD |
Philadelphia Phillies batting - Pitching for New York Mets : RHP Matt McAtee
|
Batting: RHB Chef Belew
|
0-0: Called Strike 0-1: Ball 1-1: Foul Ball, location: 2F 1-2: Strikes out swinging, 2-3 out at first.
|
Batting: RHB Luis Arce
|
0-0: Ball 1-0: Ball 2-0: Swinging Strike 2-1: Foul Ball, location: 2F 2-2: Ground out 5-3 (Groundball, 56, EV 82.5 MPH)
|
Batting: LHB Jeff Luvisi
|
0-0: Ball 1-0: Swinging Strike 1-1: Ball 2-1: Called Strike 2-2: Ball 3-2: Strikes out swinging, 2-3 out at first.
|
Top of the 3rd over - 0 runs, 0 hits, 0 errors, 0 left on base; Philadelphia 0 - New York 2 |
BOTTOM OF THE 3RD |
New York Mets batting - Pitching for Philadelphia Phillies : RHP Scott Bernstein
|
Batting: SHB Harry Hoop
|
0-0: Ball 1-0: Ball 2-0: Ball 3-0: Called Strike 3-1: Fly out, F9 (Flyball, 9D, EV 82.5 MPH)
|
Batting: SHB Sean Cook
|
0-0: Ball 1-0: Foul Ball, location: 2F 1-1: Called Strike 1-2: Ball 2-2: Foul Ball, location: 2F 2-2: Fly out, F6 (Flyball, 6D, EV 92.5 MPH)
|
Batting: SHB Nelle van den Berg
|
0-0: Ball 1-0: Swinging Strike 1-1: Called Strike 1-2: Ball 2-2: Strikes out swinging
|
Bottom of the 3rd over - 0 runs, 0 hits, 0 errors, 0 left on base; Philadelphia 0 - New York 2 |
TOP OF THE 4TH |
Philadelphia Phillies batting - Pitching for New York Mets : RHP Matt McAtee
|
Batting: LHB Nick Canizales
|
0-0: Foul Ball, location: 2F 0-1: Called Strike 0-2: Ball 1-2: Foul Ball, location: 2F 1-2: Ground out U3 (Groundball, 34S, EV 91.2 MPH)
|
Batting: RHB Quintin Parker
|
0-0: DOUBLE (Line Drive, 7LM, EV 102.5 MPH)
|
Batting: LHB Eric Katz
|
0-0: Foul Ball, location: 2F 0-1: Ball 1-1: Foul Ball, location: 2F 1-2: Strikes out swinging
|
Batting: RHB Raul de la Cruz
|
0-0: Ball 1-0: Foul Ball, location: 2F 1-1: Foul Ball, location: 2F 1-2: Strikes out swinging
|
Top of the 4th over - 0 runs, 1 hit, 0 errors, 1 left on base; Philadelphia 0 - New York 2 |
BOTTOM OF THE 4TH |
New York Mets batting - Pitching for Philadelphia Phillies : RHP Scott Bernstein
|
Batting: SHB Javy Rosa
|
0-0: Ball 1-0: Ball 2-0: Called Strike 2-1: Foul Ball, location: 2F 2-2: Foul Ball, location: 2F 2-2: Foul Ball, location: 2F 2-2: Fly out, F8 (Flyball, 8RD, EV 90.6 MPH)
|
Batting: RHB Jeff Jank
|
0-0: Ball 1-0: Ground out 6-3 (Groundball, 6, EV 83.1 MPH)
|
Batting: SHB Kaname Fujimoto
|
0-0: Ball 1-0: Called Strike 1-1: Ball 2-1: Foul Ball, location: 2F 2-2: Ball 3-2: SINGLE (Groundball, 4D, EV 93.8 MPH)
|
Batting: SHB Tomas Caldera
|
0-0: Ball 1-0: SINGLE (Groundball, 6MD, EV 104.4 MPH) Kaname Fujimoto to second Runner from 2nd tries for 3rd, SAFE, throw by CF made to third
|
Batting: SHB Gus Berry
|
0-0: Ball 1-0: Called Strike 1-1: Ball 2-1: Foul Ball, location: 2F 2-2: Strikes out swinging
|
Bottom of the 4th over - 0 runs, 2 hits, 0 errors, 2 left on base; Philadelphia 0 - New York 2 |
TOP OF THE 5TH |
Philadelphia Phillies batting - Pitching for New York Mets : RHP Matt McAtee
|
Batting: LHB Alberto Figueroa
|
0-0: Called Strike 0-1: Ball 1-1: Called Strike 1-2: Foul Ball, location: 2F 1-2: Ball 2-2: Strikes out swinging
|
Batting: RHB Ji-an Li
|
0-0: Ball 1-0: Called Strike 1-1: Ground out 5-3 (Groundball, 56, EV 86.9 MPH)
|
Batting: RHB Chef Belew
|
0-0: Swinging Strike 0-1: Foul Ball, location: 2F 0-2: Ball 1-2: Ground out 5-3 (Groundball, 5, EV 86.9 MPH)
|
Top of the 5th over - 0 runs, 0 hits, 0 errors, 0 left on base; Philadelphia 0 - New York 2 |
BOTTOM OF THE 5TH |
New York Mets batting - Pitching for Philadelphia Phillies : RHP Scott Bernstein
|
Batting: SHB Jonathan Jenkins
|
0-0: SINGLE (Flyball, 89S, EV 95.6 MPH)
|
Batting: SHB Harry Hoop
|
0-0: Foul Ball, location: 2F 0-1: Ball 1-1: Ball 2-1: Foul Ball, location: 2F 2-2: Ball 3-2: Strikes out looking
|
Batting: SHB Sean Cook
|
0-0: Ball 1-0: Ball 2-0: Foul Ball, location: 2F 2-1: Grounds into double play, 6-4-3 (Groundball, 6M, EV 109.4 MPH)
|
Bottom of the 5th over - 0 runs, 1 hit, 0 errors, 0 left on base; Philadelphia 0 - New York 2 |
TOP OF THE 6TH |
Philadelphia Phillies batting - Pitching for New York Mets : RHP Matt McAtee
|
Batting: RHB Luis Arce
|
0-0: Ball 1-0: Ball 2-0: Called Strike 2-1: Ball 3-1: Swinging Strike 3-2: Strikes out swinging
|
Batting: LHB Jeff Luvisi
|
0-0: Ball 1-0: Ground out 4-3 (Groundball, 4, EV 105.0 MPH)
|
Batting: LHB Nick Canizales
|
0-0: Ball 1-0: Ball 2-0: Ground out U3 (Groundball, 3, EV 103.8 MPH)
|
Top of the 6th over - 0 runs, 0 hits, 0 errors, 0 left on base; Philadelphia 0 - New York 2 |
BOTTOM OF THE 6TH |
New York Mets batting - Pitching for Philadelphia Phillies : RHP Scott Bernstein
|
Batting: SHB Nelle van den Berg
|
0-0: Called Strike 0-1: Ball 1-1: SINGLE (Groundball, 4MD, EV 108.8 MPH)
|
Batting: SHB Javy Rosa
|
0-0: Called Strike 0-1: SINGLE (Groundball, 34S, EV 70.6 MPH) (infield hit) Nelle van den Berg to second
|
Batting: RHB Jeff Jank
|
0-0: Swinging Strike 0-1: Ball 1-1: Ball 2-1: Swinging Strike 2-2: Strikes out looking
|
Batting: SHB Kaname Fujimoto
|
0-0: Ball 1-0: Called Strike 1-1: Foul Ball, location: 2F 1-2: Ball 2-2: Foul Ball, location: 2F 2-2: Ball 3-2: Foul Ball, location: 2F 3-2: Foul Ball, location: 2F 3-2: Ground out 2-3 (Groundball, 15S, EV 70.6 MPH) Nelle van den Berg to third Javy Rosa to second
|
Pitching: LHP Steve Pratt
|
|
Batting: SHB Tomas Caldera
|
0-0: Ball 1-0: Ball 2-0: Ball 3-0: Called Strike 3-1: Foul Ball, location: 2F 3-2: Fly out, F8 (Flyball, 8RM, EV 86.9 MPH)
|
Bottom of the 6th over - 0 runs, 2 hits, 0 errors, 2 left on base; Philadelphia 0 - New York 2 |
TOP OF THE 7TH |
Philadelphia Phillies batting - Pitching for New York Mets : RHP Matt McAtee
|
Batting: RHB Quintin Parker
|
0-0: Fly out, F7 (Flyball, 7LM, EV 78.1 MPH)
|
Batting: LHB Eric Katz
|
0-0: Called Strike 0-1: Foul Ball, location: 2F 0-2: Fly out, F9 (Flyball, 9LS, EV 78.8 MPH)
|
Batting: RHB Raul de la Cruz
|
0-0: Ground out 4-3 (Groundball, 34D, EV 80.0 MPH)
|
Top of the 7th over - 0 runs, 0 hits, 0 errors, 0 left on base; Philadelphia 0 - New York 2 |
BOTTOM OF THE 7TH |
New York Mets batting - Pitching for Philadelphia Phillies : LHP Steve Pratt
|
Batting: SHB Gus Berry
|
0-0: Ball 1-0: Ball 2-0: Ball 3-0: Base on Balls
|
Batting: SHB Jonathan Jenkins
|
0-0: Fly out, F9 (Flyball, 89S, EV 83.8 MPH)
|
Batting: SHB Harry Hoop
|
0-0: Called Strike 0-1: Ball 1-1: Ball 2-1: Foul Ball, location: 2F 2-2: Ball 3-2: Base on Balls Gus Berry to second
|
Batting: SHB Sean Cook
|
0-0: Called Strike 0-1: Ball 1-1: Swinging Strike 1-2: Ball 2-2: Ball 3-2: Foul Ball, location: 2F 3-2: Strikes out looking
|
Batting: SHB Nelle van den Berg
|
0-0: Ball 1-0: Ball 2-0: Called Strike 2-1: Ball 3-1: Foul Ball, location: 2F 3-2: Base on Balls Gus Berry to third Harry Hoop to second
|
Batting: SHB Javy Rosa
|
0-0: Ball 1-0: Ground out 4-3 (Groundball, 34, EV 77.5 MPH)
|
Bottom of the 7th over - 0 runs, 0 hits, 0 errors, 3 left on base; Philadelphia 0 - New York 2 |
TOP OF THE 8TH |
Philadelphia Phillies batting - Pitching for New York Mets : RHP Matt McAtee
|
Pitching: LHP Sam Schrecengost
|
|
Batting: LHB Alberto Figueroa
|
0-0: Called Strike 0-1: Foul Ball, location: 2F 0-2: Ball 1-2: Ball 2-2: SINGLE (Groundball, 4MD, EV 111.2 MPH)
|
Batting: RHB Ji-an Li
|
0-0: Ball 1-0: Ball 2-0: Hit by Pitch Alberto Figueroa to second
|
Batting: RHB Chef Belew
|
0-0: Grounds into DOUBLE play, U5-4-3 (Groundball, 5L, EV 86.2 MPH)
|
Batting: RHB Luis Arce
|
0-0: Swinging Strike 0-1: Swinging Strike 0-2: Ball 1-2: Strikes out looking
|
Top of the 8th over - 0 runs, 1 hit, 0 errors, 1 left on base; Philadelphia 0 - New York 2 |
BOTTOM OF THE 8TH |
New York Mets batting - Pitching for Philadelphia Phillies : LHP Steve Pratt
|
Batting: RHB Jeff Jank
|
0-0: Called Strike 0-1: Ball 1-1: DOUBLE (Flyball, 9LD, EV 115.0 MPH)
|
Batting: SHB Kaname Fujimoto
|
0-0: Called Strike 0-1: 2-RUN HOME RUN (Flyball, 7D, EV 98.1 MPH), Distance : 375 ft
|
Batting: SHB Tomas Caldera
|
0-0: Ball 1-0: Foul Ball, location: 2F 1-1: Ball 2-1: Ground out 6-3 (Groundball, 6, EV 83.8 MPH)
|
Batting: SHB Gus Berry
|
0-0: Ball 1-0: Foul Ball, location: 2F 1-1: Ball 2-1: Foul Ball, location: 2F 2-2: Strikes out swinging
|
Batting: SHB Jonathan Jenkins
|
0-0: Ball 1-0: Fly out, F8 (Line Drive, 8RD, EV 94.4 MPH)
|
Bottom of the 8th over - 2 runs, 2 hits, 0 errors, 0 left on base; Philadelphia 0 - New York 4 |
TOP OF THE 9TH |
Philadelphia Phillies batting - Pitching for New York Mets : LHP Sam Schrecengost
|
Pitching: LHP Chris Thurner
|
|
Batting: LHB Jeff Luvisi
|
0-0: Ball 1-0: Ball 2-0: Foul Ball, location: 2F 2-1: Ball 3-1: Base on Balls
|
Batting: LHB Nick Canizales
|
0-0: Ball 1-0: Fielders Choice at 2nd, 5-4 (Groundball, 56, EV 109.4 MPH)
|
Batting: RHB Quintin Parker
|
0-0: Called Strike 0-1: Ball 1-1: Called Strike 1-2: Ball 2-2: SINGLE (Groundball, 56S, EV 70.6 MPH) (infield hit) Nick Canizales to second
|
Batting: LHB Eric Katz
|
0-0: Foul Ball, location: 2F 0-1: Swinging Strike 0-2: Ball 1-2: Foul Ball, location: 2F 1-2: Ball 2-2: Foul Ball, location: 2F 2-2: Strikes out swinging
|
Batting: RHB Raul de la Cruz
|
0-0: Called Strike 0-1: Ball 1-1: Foul Ball, location: 2F 1-2: Strikes out swinging
|
Top of the 9th over - 0 runs, 1 hit, 0 errors, 2 left on base; Philadelphia 0 - New York 4 |
|